 Dungeon Crawl Stone Soup version 0.31.0-11-ge490571c62 (webtiles) character file.

Game seed: 16504716473201531858

70 Arcadio the Poker (level 4, 0/35 HPs)
             Began as a Merfolk Gladiator on Jan 30, 2024.
             Succumbed to an adder's poison
             ... on level 3 of the Dungeon.
             The game lasted 00:02:35 (1894 turns).

Arcadio the Poker (Merfolk Gladiator)               Turns: 1894, Time: 00:02:36

Health: 0/35       AC:  5    Str: 16    XL:     4   Next: 21%
Magic:  4/4        EV: 13    Int:  7    God:
Gold:   23         SH:  0    Dex: 15    Spells: 3/3 levels left

rFire   . . .        a - +0 trident
rCold   . . .        (no shield)
rNeg    . . .        b - +0 leather armour
rPois   .            c - +0 helmet
rElec   .            f - +0 cloak
rCorr   .            (no gloves)
SInv    .            (no boots)
Will    .....        (no amulet)
Stlth   +            l - ring of wizardry
HPRegen 0.25/turn    (no ring)
MPRegen 0.09/turn

%: wizardry (x1)
@: lethally poisoned (0 -> -3)
A: (nimble swimmer 2), mertail
a: no special abilities


You were on level 3 of the Dungeon.
You visited 1 branch of the dungeon, and saw 3 of its levels.

You collected 23 gold pieces.

Inventory:

Hand Weapons
 a - a +0 trident (weapon)
Missiles
 d - 3 throwing nets (quivered)
 e - 3 javelins
Armour
 b - a +0 leather armour (worn)
 c - a +0 helmet (worn)
 f - a +0 cloak (worn)
Jewellery
 l - a ring of wizardry (left hand)
 u - a ring of see invisible
Scrolls
 h - 2 scrolls of amnesia {unknown}
 m - 3 scrolls of teleportation {unknown}
 n - a scroll of poison {unknown}
 q - a scroll of fear {unknown}
 s - a scroll of revelation {unknown}
 t - a scroll of silence {unknown}
Potions
 g - a potion of brilliance {unknown}
 i - a potion of curing {unknown}
 j - a potion of haste {unknown}
 k - a potion of degeneration {unknown}
 o - a potion of enlightenment {unknown}
 p - a potion of magic {unknown}
 r - 2 potions of resistance {unknown}
 v - a potion of mutation {unknown}


   Skills:
 + Level 3.3 Fighting
 + Level 5.0 Polearms
 - Level 2.0 Throwing
 + Level 4.9 Dodging


You had 3 spell levels left.
You didn't know any spells.
Your spell library was empty.

Dungeon Overview and Level Annotations

Branches:
Dungeon (3/15)

Altars:

Annotations:
D:3 Grinder


Innate Abilities, Weirdness & Mutations

((You are very nimble when in or above water. (Stealth+, EV+, Speed+++)))
Your lower body shifts to a powerful aquatic tail in water.


Message History

The adder poisons you!
You feel sick. The adder bites you but does no damage.
Grinder blinks!
You can move again.
You feel sick. The adder bites you but does no damage.
You feel sick.
A hobgoblin comes into view.
You feel sick. The adder attacks as it pursues you!
The adder bites you but does no damage.
You feel sick. The adder bites you but does no damage.
You feel sick.
You are no longer poisoned.
Grinder says, "I used to sell toenails on the black market."
An endoplasm comes into view.
The adder bites you but does no damage.
Grinder blinks!
The adder barely misses you.
Grinder says, "I used to sell toenails on the black market."
Grinder gestures at you.
You suddenly lose the ability to move!
The adder bites you. The endoplasm hits you. The adder bites you.
* * * LOW HITPOINT WARNING * * *
The adder barely misses you.
The endoplasm hits you but does no damage.
You can move again.
The adder attacks as it pursues you! The adder bites you.
* * * LOW HITPOINT WARNING * * *
The adder closely misses you.
Grinder blinks!
The adder barely misses you. The adder bites you but does no damage.
The adder attacks as it pursues you! The adder bites you.
* * * LOW HITPOINT WARNING * * *
You are lethally poisoned!
The adder poisons you!
Grinder blinks!
* * * LOW HITPOINT WARNING * * *
You feel sick. The adder attacks as it pursues you! The adder bites you.
* * * LOW HITPOINT WARNING * * *
The adder misses you.
* * * LOW HITPOINT WARNING * * *
You feel sick.
You die...

..#..................#........#
....##.#.####........#........#
....##...............#.####...###
...>.....#####.........## ###...#
....###...# #...........# ##...
....####..###...........######.##
...........##.....SJ........##.##
....$.......<..................#.
............†...@...........##...
.................#..........##...
.............#..[..#.#.#####....#
##.................#.#.#####.##..
#...............#............##.
.........####.......†.......##.
........# ##..............##.
####### #####..........##.
#..........###


You could see an adder and an endoplasm.

Vanquished Creatures
  2 adders
  A dart slug (D:1)
  3 ribbon worms
  7 endoplasms
  2 giant cockroaches (D:2)
  5 goblins
  2 hobgoblins (D:2)
  A quokka (D:2)
  5 ball pythons
  4 bats
  2 frilled lizards (D:3)
  4 kobolds
  4 rats
42 creatures vanquished.

Notes
Turn   | Place    | Note
-------+----------+-------------------------------------------
     0 | D:1      | Arcadio the Merfolk Gladiator began the quest for the Orb.
     0 | D:1      | Reached XP level 1. HP: 16/16 MP: 1/1
    86 | D:1      | Reached XP level 2. HP: 23/23 MP: 2/2
   980 | D:2      | Found a faded altar of an unknown god.
   986 | D:2      | Reached XP level 3. HP: 28/28 MP: 3/3
  1641 | D:3      | Reached XP level 4. HP: 21/35 MP: 4/4
  1766 | D:3      | Reached skill level 5 in Polearms
  1859 | D:3      | Noticed Grinder
  1870 | D:3      | Paralysed by Grinder for 3 turns
  1882 | D:3      | Paralysed by Grinder for 3 turns
  1893 | D:3      | HP: 1/35 [poisoned by an adder]
  1894 | D:3      | Succumbed to an adder's poison

Illustrated notes

Levels and vault maps discovered:
D:1:      lightli_arrival_windingriver, layout_rooms, serial_corexii_hall,
          corexii_hall_statues_l, corexii_hall_statues_deadend,
          corexii_hall_statues_t, chequers_hall_statues_wall_a
D:2:      layout_loops_corners, hellmonk_ecumenical_altar_arch_garden
D:3:      layout_rooms, minmay_misc_feat_cross, uniq_grinder

Skill      XL: |  1  2  3  4 |
---------------+-------------+-----
Fighting       | 3 |  3.3
Polearms       | 5 |  5.0
Throwing       | |  2.0
Dodging        | |  4.9

Action                     |  1- 3 |  4- 6 || total
---------------------------+-------+-------++-------
  Melee: Trident           |   112 |    24 ||   136
   Stab: Sleeping          |     1 |       ||     1
 Armour: Leather armour    |    56 |    28 ||    84
  Dodge: Dodged            |    82 |    22 ||   104
